 Dungeon Crawl Stone Soup version 0.22-a0-619-ga0c6fd2 (webtiles) character file.

326540 Amnesiac the Warrior (level 20, -7/165 HPs)
             Began as a Mummy Earth Elementalist on July 14, 2018.
             Was the Champion of Ashenzari.
             Hit by a large rock thrown by a stone giant (13 damage)
             ... on level 2 of the Depths.
             The game lasted 02:19:43 (59320 turns).

Amnesiac the Warrior (Mummy Earth Elementalist)    Turns: 59320, Time: 02:19:45

Health: -7/165     AC: 19    Str: 18    XL:     20   Next: 76%
Magic:  0/43       EV: 26    Int: 29    God:    Ashenzari [******]
Gold:   2385       SH: 21    Dex: 18    Spells: 4/39 levels left

rFire    + + .     SeeInvis +   b - +9 quick blade (elec)
rCold    + . .     Gourm    .   u - +0 large shield (curse)
rNeg     + + +     Faith    .   T - +1 steam dragon scales "Libim" {rF+ Slay+6} (curse)
rPois    ∞         Spirit   +   L - +2 hat {Int+3} (curse)
rElec    .         Reflect  .   O - +2 cloak {MR+} (curse)
rCorr    .         Harm     .   r - +2 pair of gloves {Str+3} (curse)
MR       ++++.     Clarity  +   J - +2 pair of boots {Fly} (curse)
Stlth    ++++++....             N - amulet of guardian spirit (curse)
HPRegen  0.37/turn              X - ring of the Priest {*Slow rF++ Dex+5 Slay+3}
MPRegen  0.28/turn              f - ring "Iwaacos" {rN+ MR+ MP+9 Str+2 Int+5} (curse)

@: about to teleport, slightly contaminated
A: no food or potions, fire vulnerability, cold resistance 1, negative energy
resistance 3, torment resistance, unbreathing, in touch with death 1
}: 2/15 runes: decaying, gossamer
a: Curse Item, Scrying, Transfer Knowledge, Renounce Religion, Evoke Flight


You were on level 2 of the Depths.
You worshipped Ashenzari.
Ashenzari was exalted by your worship.
You were not hungry.

You visited 8 branches of the dungeon, and saw 37 of its levels.
You visited 1 ziggurat, and saw 9 of its levels.
You also visited: Bailey and Ice Cave.

You collected 12630 gold pieces.
You spent 4697 gold pieces at shops.
You paid 5548 gold pieces to Gozag.

Inventory:

Hand Weapons
 b - a +9 quick blade of electrocution (weapon)
 p - a +0 blowgun
 t - the +11 plutonium sword {*Contam Stlth-}
   (You found it on level 8 of a ziggurat)

   It causes magical contamination when unequipped.
   It makes you less stealthy.
Missiles
 h - 151 poisoned needles
 s - 547 stones (quivered)
 C - 27 tomahawks of returning
 K - 13 curare-tipped needles
Armour
 r - a cursed +2 pair of gloves of strength (worn)
 u - a cursed +0 large shield (worn)
 J - a cursed +2 pair of boots of flying (worn)
 L - a cursed +2 hat of intelligence (worn)
 O - a cursed +2 cloak of magic resistance (worn)
 T - the cursed +1 steam dragon scales "Libim" (worn) {rF+ Slay+6}
   (You took it off a deep elf high priest on level 3 of the Elven Halls)

   It affects your accuracy and damage with ranged weapons and melee attacks
   (+6).
   It protects you from fire.
   It has a curse placed upon it.
Jewellery
 e - the ring of Ethics {rElec rC+ SInv}
   (You bought it in a shop on level 1 of the Orcish Mines)

   [ring of see invisible]

   It protects you from cold.
   It insulates you from electricity.
   It lets you see invisible.
 f - the cursed ring "Iwaacos" (right hand) {rN+ MR+ MP+9 Str+2 Int+5}
   (You bought it in a shop on level 1 of the Orcish Mines)

   [ring of protection from magic]

   It affects your strength (+2).
   It affects your intelligence (+5).
   It protects you from negative energy.
   It affects your resistance to hostile enchantments.
   It affects your magic capacity (+9).
   It has a curse placed upon it.
 N - a cursed amulet of guardian spirit (around neck)
 X - the ring of the Priest (left hand) {*Slow rF++ Dex+5 Slay+3}
   (You took it off a deep elf knight on level 3 of the Elven Halls)

   [ring of dexterity]

   It affects your dexterity (+5).
   It affects your accuracy and damage with ranged weapons and melee attacks
   (+3).
   It greatly protects you from fire.
   It may slow you when you take damage.
Wands
 c - a wand of random effects (69)
 i - a wand of scattershot (8)
 q - a wand of flame (42)
 v - a wand of polymorph (40)
 y - a wand of acid (33)
 E - a wand of digging (23)
 I - a wand of paralysis (25)
 P - a wand of enslavement (10)
Scrolls
 d - 2 scrolls of torment {!r}
 j - 9 scrolls of remove curse {!r}
 k - 3 scrolls of acquirement {!r}
 l - a scroll of vulnerability {!r}
 m - 4 scrolls of fog {!r}
 n - 13 scrolls of amnesia {!r}
 x - 12 scrolls of enchant armour {!r}
 z - 5 scrolls of noise {!r}
 A - 6 scrolls of teleportation {!r}
 B - 6 scrolls of magic mapping {!r}
 D - 4 scrolls of silence {!r}
 F - 2 scrolls of fear {!r}
 H - 3 scrolls of summoning {!r}
 R - 17 scrolls of identify {!r}
 W - a scroll of brand weapon {!r}
 Z - a scroll of enchant weapon {!r}
Miscellaneous
 a - a phial of floods
 G - a box of beasts
 S - a crystal ball of energy
 U - a lamp of fire
 Y - a sack of spiders


   Skills:
 - Level 16.2 Fighting
 - Level 8.0 Short Blades
 - Level 5.5 Armour
 - Level 14.8(18.8) Dodging
 - Level 10.7(15.0) Stealth
 + Level 15.8(18.3) Shields
 - Level 10.0 Spellcasting
 - Level 3.1(5.7) Conjurations
 - Level 3.9(6.7) Charms
 - Level 0.5(1.8) Translocations
 - Level 3.1(5.7) Transmutations
 - Level 3.9(6.7) Air Magic
 - Level 10.0(12.8) Earth Magic
 + Level 5.1(8.1) Evocations


You had 4 spell levels left.
You knew the following spells:

 Your Spells              Type           Power        Failure   Level  Hunger
a - Stone Arrow           Conj/Erth      ######       1%          3    N/A
b - Passwall              Tmut/Erth      ######..     1%          2    N/A
c - Apportation           Tloc           ####..       4%          1    N/A
d - Lee's Rapid Deconstr  Erth           ######....   1%          5    N/A
e - Borgnjor's Vile Clut  Necr/Erth      ######....   16%         5    N/A
f - Sandblast             Erth           ######       1%          1    N/A
g - Passage of Golubria   Tloc           N/A          38%         4    N/A
h - Confusing Touch       Hex            ###...       8%          1    N/A
i - Petrify               Tmut/Erth      ######..     1%          4    N/A
x - Deflect Missiles      Chrm/Air       ######....   65%         6    N/A
z - Spectral Weapon       Hex/Chrm       #####...     6%          3    N/A

Your spell library contained the following spells:

 Spells                   Type           Power        Failure   Level  Hunger
 Magic Dart               Conj           ####         1%          1    N/A
 Conjure Flame            Conj/Fire      ####....     8%          3    N/A
 Confuse                  Hex            ###.....     22%         3    N/A
 Invisibility             Hex            ###.....     100%        6    N/A
 Throw Frost              Conj/Ice       ####..       3%          2    N/A
 Freezing Cloud           Conj/Ice/Air   #####.....   93%         6    N/A
 Mephitic Cloud           Conj/Pois/Air  #####...     4%          3    N/A
 Ring of Flames           Chrm/Fire      #####.....   100%        7    N/A
 Summon Small Mammal      Summ           ###.         8%          1    N/A
 Lehudib's Crystal Spear  Conj/Erth      ######....   100%        8    N/A
 Fire Storm               Conj/Fire      ####......   100%        9    N/A
 Iskenderun's Mystic Bla  Conj           #####...     9%          4    N/A
 Summon Horrible Things   Summ           ###.......   100%        8    N/A
 Animate Dead             Necr           N/A          58%         4    N/A
 Pain                     Necr           ####         8%          1    N/A
 Animate Skeleton         Necr           N/A          8%          1    N/A
 Vampiric Draining        Necr           ####......   22%         3    N/A
 Freeze                   Ice            ###.         8%          1    N/A
 Summon Ice Beast         Ice/Summ       ###.....     58%         4    N/A
 Ozocubu's Armour         Chrm/Ice       #####...     6%          3    N/A
 Call Imp                 Summ           ###.....     12%         2    N/A
 Poison Arrow             Conj/Pois      ####......   98%         6    N/A
 Regeneration             Chrm/Necr      ######....   6%          3    N/A
 Sublimation of Blood     Necr           ####......   11%         2    N/A
 Tukima's Dance           Hex            ###.....     22%         3    N/A
 Summon Greater Demon     Summ           ###.......   100%        7    N/A
 Swiftness                Chrm/Air       ######..     1%          2    N/A
 Statue Form              Tmut/Erth      ######...    30%         6    N/A
 Dragon Form              Tmut           #####.....   100%        7    N/A
 Throw Icicle             Conj/Ice       ####....     24%         4    N/A
 Glaciate                 Conj/Ice       ####......   100%        9    N/A
 Call Canine Familiar     Summ           ###.....     22%         3    N/A
 Ensorcelled Hibernation  Hex/Ice        ###...       12%         2    N/A
 Metabolic Englaciation   Hex/Ice        ###.......   91%         5    N/A
 Silence                  Hex/Air        #####.....   50%         5    N/A
 Corona                   Hex            ###....      8%          1    N/A
 Simulacrum               Ice/Necr       ####......   100%        6    N/A
 Conjure Ball Lightning   Conj/Air       ######....   71%         6    N/A
 Chain Lightning          Conj/Air       ######....   100%        8    N/A
 Monstrous Menagerie      Summ           ###.......   100%        7    N/A
 Malign Gateway           Summ/Tloc      ###.......   100%        7    N/A
 Tornado                  Air            ######....   100%        9    N/A
 Leda's Liquefaction      Hex/Erth       ######....   6%          4    N/A
 Darkness                 Hex            ###.......   100%        6    N/A
 Shroud of Golubria       Chrm/Tloc      #####.....   2%          2    N/A
 Iskenderun's Battlesphe  Conj/Chrm      ######..     19%         5    N/A
 Fulminant Prism          Conj/Hex       ####......   24%         4    N/A
 Dazzling Spray           Conj/Hex       ####..       8%          3    N/A
 Force Lance              Conj/Tloc      #####...     19%         4    N/A
 Infusion                 Chrm           ####         1%          1    N/A
 Song of Slaying          Chrm           ######..     1%          2    N/A
 Searing Ray              Conj           #####.       1%          2    N/A
 Summon Lightning Spire   Summ/Air       #####...     21%         4    N/A
 Summon Guardian Golem    Hex/Summ       ###.....     22%         3    N/A
 Dragon's Call            Summ           ###.......   100%        9    N/A
 Hydra Form               Tmut           #####.....   78%         6    N/A
 Irradiate                Conj/Tmut      #####.....   22%         5    N/A
 Gell's Gravitas          Tloc           ####......   13%         3    N/A
 Yara's Violent Unravell  Hex/Tmut       ####......   56%         5    N/A
 Poisonous Vapours        Pois/Air       #####.       3%          2    N/A

Dungeon Overview and Level Annotations

Branches:
Dungeon (15/15)            Temple (1/1) D:5            Lair (6/6) D:10
  Swamp (4/4) Lair:3       Spider (4/4) Lair:2        Slime (0/5) Lair:5
    Orc (2/2) D:11            Elf (3/3) Orc:2        Vaults (0/5) D:14
 Depths (2/5) D:15

Altars:
Ashenzari
Cheibriados
Dithmenos
Elyvilon
Fedhas
Gozag
Hepliaklqana
Kikubaaqudgha
Makhleb
Nemelex Xobeh
Okawaru
Qazlal
Ru
Sif Muna
Trog
Uskayaw
Vehumet
Wu Jian
Xom
Yredelemnul
Zin
The Shining One
Jiyva

Shops:
D:11 :   Orc:1 =*   Orc:2 *!*(*=?[[   Elf:3 =?:   Depths:1 :

Portals:
Hell: Depths:1 Depths:2


Innate Abilities, Weirdness & Mutations

You do not eat or drink.
Your flesh is vulnerable to fire.
You are immune to poison.
Your flesh is cold resistant. (rC+)
You are immune to negative energy. (rN+++)
You are immune to unholy pain and torment.
You can survive without breathing.
You are in touch with the powers of death.


Message History

The hell knight blinks!
The hell knight casts a spell.
The hell knight blinks!
The hell knight gestures wildly while chanting.
The hell knight blinks!
Found a shattered altar of Ashenzari.
Evoke which item? (* to show all) (? for menu, Esc to quit)
Aiming: Iceblast
Press: ? - help, Shift-Dir - straight line The mass of ice explodes!
The iceblast engulfs the floating eye.
The floating eye is almost dead.
You hear the stately tolling of a distant bell.
You hear two shouts!
You hear a shout! x2
The hell knight points at you and mumbles some strange words.
You block the puff of flame. The deep troll misses you.
You block the deep troll's attack. The deep troll misses you.
The hell knight casts a spell.
The hell knight blinks!
The hell knight gestures wildly while chanting.
The hell knight blinks!
The spriggan completely misses you.
The hell knight mumbles some strange words.
The hell knight blinks!
Evoke which item? (* to show all) (? for menu, Esc to quit)
Aiming: Iceblast
Press: ? - help, Shift-Dir - straight line, f - floating eye
Aim: a floating eye shaped shifter (almost dead)
The mass of ice explodes!
The iceblast engulfs the floating eye.
You kill the floating eye!
The now-empty wand crumbles to dust.
You hear a shout! x2
The large slime creature seems to regain its courage.
The hell knight casts a spell at you. The puff of flame hits you! You resist.
* * * LOW HITPOINT WARNING * * *
The deep troll bites you!
* * * LOW HITPOINT WARNING * * *
You block the deep troll's attack. The deep troll claws you.
* * * LOW HITPOINT WARNING * * *
The hell knight casts a spell.
The hell knight blinks!
The hell knight gestures wildly while chanting.
The hell knight blinks!
The hell knight hits you with a demon blade of slicing.
* * * LOW HITPOINT WARNING * * *
x2 The spriggan howls in fear.
You block the spriggan's attack.
Okay, then.
Really read
A - 7 scrolls of teleportation {!r}?
As you read the scroll of teleportation {!r}, it crumbles to dust.
You feel strangely unstable.
The ogre mage shouts!
You block the hell knight's attack. You block the deep troll's attack.
The deep troll barely misses you. The deep troll claws you.
* * * LOW HITPOINT WARNING * * *
The hell knight mumbles some strange words.
The hell knight blinks!
The hell knight casts a spell.
The hell knight blinks!
The hell knight mumbles some strange words.
The hell knight blinks!
The spriggan closely misses you.
The hell knight hits you with a demon blade of slicing.
* * * LOW HITPOINT WARNING * * *
x2 The stone giant throws a large rock.
The large rock hits you!
You die...

,,≈≈.....≈.#. ..###.... , ,,
≈≈≈.....≈..# ...#....... *
,,,≈≈≈≈≈≈≈≈≈..###..........
** ,.....?.≈≈≈.##O...(.....(
* ,.......≈≈≈.#..O.........
.......≈≈............... * *
**,,,,......≈.......§.......
,, , **
.#.##...pO.............. ≈≈
*,, .._.†..@i...........>...
≈ ≈≈
,,,.#.#.....T.J.p..........
∩>≈
,.....(...D..............
≈≈≈ , ,
#......................$ ≈≈≈
* ,
,...........≈........%... **
*,,
,...........≈≈........... *
,, ≈.......C..≈≈...........
≈ ≈.............§......... *
** #######...≈.###........


You could see a fire dragon, a stone giant, 2 hell knights, a large slime
creature, a two-headed ogre, 2 ogre magi, a deep troll and a spriggan.

Vanquished Creatures
  the Enchantress (Depths:1)
  A bone dragon (Swamp:4)
  Arachne (Spider:4)
  Jorgrun (Spider:1)
  2 Ice Fiends (IceCv)
  3 deep elf master archers
  2 deep elf blademasters
  Gastronok (Lair:2)
  Kirke (Lair:4)
  Frances (Swamp:2)
  2 acid blobs
  2 thorn hunters
  A nagaraja (Zig:1)
  An azure jelly (Zig:3)
  A revenant (Zig:4)
  A fire giant (Depths:1)
  5 ghost moths (Spider:4)
  3 deep elf sorcerers
  A balrug (Depths:2)
  4 deep elf elementalists
  Louise (Spider:2)
  4 emperor scorpions
  2 stone giants
  A spriggan defender (Depths:1)
  6 very ugly things
  7 entropy weavers
  A vampire knight (Depths:2)
  4 deep elf demonologists
  7 deep elf annihilators
  6 spark wasps
  8 deep elf death magi
  2 merfolk javelineers (Zig:8)
  2 ettins (Depths:1)
  An eidolon (Zig:4)
  2 jiangshi (Zig:4)
  Josephine (Orc:1)
  Fannar (Lair:1)
  13 hydras
  A merfolk impaler (Zig:5)
  3 deep elf high priests (Elf:3)
  2 great orbs of eyes (Depths:1)
  A quicksilver dragon skeleton (Depths:2)
  The ghost of Yngaplae the Slicer, a journeyman VSMo of Okawaru (Orc:2)
  3 fire dragons (Depths:1)
  A servant of whispers (Elf:2)
  2 ice dragons (Depths:1)
  Harold (Orc:1)
  2 spriggan air magi (Depths:2)
  2 ghost crabs
  8 vault guards (D:14)
  3 centaur warriors
  A catoblepas (Lair:6)
  2 merfolk aquamancers (Zig:5)
  26 dancing weapons
  3 deep troll earth magi (Depths:1)
  4 deep troll shamans
  A satyr (Zig:8)
  3 two-headed ogres
  18 alligators
  5 orc high priests
  3 tengu warriors
  4 death yaks
  A vampire mage (Zig:9)
  2 hell knights
  4 spriggan berserkers
  18 deep elf knights
  A skeletal warrior (Zig:9)
  An iron troll (Depths:1)
  Nergalle (Lair:4)
  2 sun demons (Depths:2)
  2 unseen horrors
  3 swamp dragons (Swamp:3)
  A storm dragon skeleton (Depths:2)
  8 deep elf archers
  A wizard (D:15)
  2 spriggan druids
  A flayed ghost (Depths:1)
  A shambling mangrove (Swamp:3)
  An obsidian statue (Zig:4)
  3 phantasmal warriors (Swamp:4)
  4 deep trolls (Depths:1)
  2 spectral hydras (Swamp:4)
  A wolf spider zombie (D:14)
  4 orc knights
  A harpy (shapeshifter) (Depths:1)
  3 necromancers
  9 ugly things
  70 deep elf magi
  8 harpies
  31 wolf spiders
  23 orb spiders
  A shining eye (Zig:3)
  10 orc sorcerers
  2 manticores
  24 elephants
  2 fauns (Zig:8)
  3 cyclopes
  2 moths of wrath
  4 torpor snails
  Maurice (D:12)
  2 stone giant skeletons
  4 black mambas
  A naga mage (D:15)
  3 ice statues
  3 merfolk sirens
  Joseph (D:8)
  A fire giant skeleton (Zig:9)
  3 water nymphs
  A spriggan skeleton (Depths:2)
  16 spiny frogs
  3 kobold demonologists (D:13)
  5 demonic crawlers
  6 komodo dragons
  2 rime drakes
  A yaktaur (Depths:1)
  5 swamp worm zombies (Swamp:4)
  14 ice devils (IceCv)
  7 trolls
  3 hydra zombies (Swamp:4)
  The ghost of TheNamelessOne the Skirmisher, an amateur HOFi (D:3)
  8 merfolk
  A silent spectre (Zig:9)
  24 jumping spiders
  2 wind drakes (Zig:8)
  2 tengu conjurers (D:14)
  A meliai (shapeshifter) (Depths:1)
  18 hornets
  Grinder (D:5)
  8 tyrant leeches
  4 polar bears
  17 blink frogs
  Prince Ribbit (D:6)
  2 saltlings (Elf:2)
  3 spectral swamp dragons (Swamp:4)
  8 hippogriffs
  A wolf spider simulacrum (D:15)
  4 alligator zombies (Swamp:4)
  10 bog bodies
  A flying skull (Zig:9)
  20 slime creatures
  A snapping turtle (Zig:8)
  An ice dragon skeleton (Depths:1)
  A spriggan zombie (Zig:9)
  7 wraiths
  84 redbacks
  3 wyverns
  A deep troll skeleton (Depths:1)
  10 spriggans
  8 water elementals
  4 fire elementals
  21 tarantellas
  2 shadows (Swamp:4)
  A vampire (D:13)
  Eustachio (D:5)
  2 basilisks
  52 yaks
  An elf zombie (Depths:2)
  7 hogs (Lair:4)
  2 steam dragons
  A hungry ghost (D:7)
  25 vampire mosquitoes
  2 wargs
  A redback simulacrum (D:15)
  A naga (Zig:1)
  Edmund (D:6)
  10 swamp worms
  7 insubstantial wisps (Swamp:4)
  An acid dragon (D:14)
  A water moccasin (shapeshifter) (Elf:2)
  A floating eye (shapeshifter) (Depths:2)
  10 water moccasins
  A hornet zombie (D:10)
  12 porcupines
  25 orc warriors
  10 ice beasts
  4 sky beasts
  8 swamp drakes
  3 black bears
  11 ogres
  10 phantoms
  3 boggarts (Depths:1)
  4 swamp dragon zombies (Swamp:4)
  9 centaurs
  An eye of draining (D:13)
  24 wolves
  A necrophage (D:11)
  10 crocodiles
  2 big kobolds
  13 bullfrogs
  A wyvern zombie (D:13)
  An earth elemental (Elf:2)
  A scorpion (D:5)
  15 wights
  A howler monkey (D:11)
  4 electric eels
  5 crimson imps
  2 bullfrog zombies
  8 hounds
  2 quasits
  2 centaur skeletons
  5 jellies
  13 orc priests
  A bullfrog skeleton (D:13)
  Ijyb (D:5)
  25 orc wizards
  7 iguanas
  6 worker ants
  2 hell rats (Lair:6)
  2 hound skeletons
  A worker ant zombie (D:7)
  Robin (D:3)
  A howler monkey skeleton (D:10)
  12 gnolls
  11 adders
  3 river rats
  3 swamp drake zombies (Swamp:4)
  4 shadow imps
  8 white imps
  4 ufetubi (IceCv)
  2 oozes
  An adder zombie (D:9)
  3 worms
  2 dart slugs (D:1)
  10 leopard geckos
  71 orcs
  7 bats
  4 giant cockroaches
  20 goblins
  10 hobgoblins
  7 jackals
  A quokka (D:9)
  A ball python (D:4)
  6 frilled lizards
  A goblin skeleton (D:5)
  2 hobgoblin zombies (D:5)
  27 kobolds
  A kobold zombie (D:5)
  2 orc skeletons (D:5)
  9 rats
  4 briar patches
  A fungus (D:7)
  A plant (Zig:8)
1446 creatures vanquished.

Vanquished Creatures (collateral kills)
  An orb spider (Zig:6)
  2 wolf spiders (Zig:6)
  A jumping spider (Zig:6)
  A tarantella (Zig:6)
5 creatures vanquished.

Vanquished Creatures (others)
  A deep elf knight (Elf:2)
  A wolf spider (Spider:4)
  A water elemental (Zig:5)
  A wight (D:14)
  2 white imps (IceCv)
  4 ufetubi (IceCv)
  2 kobolds (Bailey)
  19 fungi
  10 plants (Lair:6)
  23 spectral weapons
64 creatures vanquished.

Grand Total: 1515 creatures vanquished

Notes
Turn   | Place    | Note
-------+----------+-------------------------------------------
     0 | D:1      | Amnesiac the Mummy Earth Elementalist began the quest for the Orb.
     0 | D:1      | Reached XP level 1. HP: 13/13 MP: 4/4
   511 | D:3      | Reached XP level 2. HP: 6/19 MP: 3/5
   550 | D:3      | Reached XP level 3. HP: 11/24 MP: 1/7
   557 | D:3      | Learned a level 2 spell: Passwall
   891 | D:3      | Found an opulent altar of Gozag.
   892 | D:3      | Found a sparkling altar of Nemelex Xobeh.
   897 | D:3      | Became a worshipper of Gozag Ym Sagoz the Greedy
   925 | D:3      | Noticed Robin
   941 | D:3      | Reached XP level 4. HP: 30/30 MP: 9/9
   951 | D:3      | Killed Robin
  1169 | D:4      | Learned a level 4 spell: Petrify
  1282 | D:4      | Found a runed gate.
  1283 | D:4      | Found a runed gate.
  1284 | D:4      | Found a runed gate.
  1306 | D:3      | Reached XP level 5. HP: 25/35 MP: 11/11
  2337 | D:2      | Learned a level 5 spell: Lee's Rapid Deconstruction
  2375 | D:2      | Found a faded altar of an unknown god.
  2660 | D:3      | Reached XP level 6. HP: 41/41 MP: 10/13
  3061 | D:4      | Reached skill level 5 in Spellcasting
  3083 | D:4      | Reached skill level 5 in Earth Magic
  3276 | D:4      | Noticed TheNamelessOne's ghost (amateur HOFi)
  3546 | D:4      | Reached XP level 7. HP: 46/46 MP: 10/15
  3821 | D:4      | Reached skill level 1 in Short Blades
  4028 | D:4      | Found a deep blue altar of Sif Muna.
  4103 | D:5      | Entered Level 5 of the Dungeon
  4103 | D:5      | Noticed Eustachio
  4138 | D:5      | Killed Eustachio
  4248 | D:5      | Found a glowing golden altar of the Shining One.
  4250 | D:5      | Got a warped dagger
  4256 | D:5      | Identified the +9 dagger of Aruoqog {pierce, rF+ rN+ Str-2} (You found it on level 5 of the Dungeon)
  4294 | D:5      | Found a radiant altar of Vehumet.
  4329 | D:5      | Reached XP level 8. HP: 50/52 MP: 7/17
  4633 | D:5      | Noticed Ijyb
  4642 | D:5      | Killed Ijyb
  4893 | D:5      | Noticed Grinder
  4906 | D:5      | Paralysed by Grinder for 6 turns
  4914 | D:5      | Killed Grinder
  4924 | D:5      | Found a staircase to the Ecumenical Temple.
  5164 | Temple   | Entered the Ecumenical Temple
  5374 | D:6      | Got a translucent falchion
  5573 | D:6      | Noticed Prince Ribbit
  5580 | D:6      | Killed Prince Ribbit
  5610 | D:6      | Noticed Edmund
  5619 | D:6      | Killed Edmund
  5619 | D:6      | Reached XP level 9. HP: 47/57 MP: 15/21
  5740 | D:6      | Found a glowing silver altar of Zin.
  7069 | D:8      | Identified the +10 falchion of the Rat {venom, rF+ rN+} (You found it on level 6 of the Dungeon)
  7218 | D:8      | Noticed Joseph
  7243 | D:8      | Killed Joseph
  7323 | D:8      | Reached skill level 10 in Spellcasting
  7323 | D:8      | Reached skill level 10 in Earth Magic
  7384 | D:8      | Reached skill level 1 in Shields
  7384 | D:8      | Reached XP level 10. HP: 53/63 MP: 20/24
  7626 | D:8      | Found a shimmering altar of Xom.
  8021 | D:9      | Found a hazy altar of Hepliaklqana.
  8026 | D:9      | Found a snail-covered altar of Cheibriados.
  8177 | D:9      | Found a shattered altar of Ashenzari.
  8177 | D:9      | Found a faded altar of an unknown god.
  8275 | D:9      | Found a flagged portal.
  8294 | Bailey   | Entered a bailey
  8705 | Bailey   | Found a bloodstained altar of Trog.
  9183 | D:9      | Found a hide-covered altar of Uskayaw.
  9185 | D:9      | Found a faded altar of an unknown god.
  9187 | D:9      | Found a white marble altar of Elyvilon.
  9251 | D:10     | Entered Level 10 of the Dungeon
  9277 | D:10     | Found a staircase to the Lair.
  9483 | D:10     | Noticed a two-headed ogre
  9543 | D:10     | Killed a two-headed ogre
  9730 | D:10     | Reached skill level 5 in Shields
 10109 | D:10     | Killed an unseen horror
 10109 | D:10     | Reached XP level 11. HP: 30/68 MP: 4/25
 11196 | D:11     | Found a staircase to the Orcish Mines.
 11238 | D:11     | Found Xuyth's Book Emporium.
 11440 | D:11     | Found a radiant altar of Vehumet.
 12373 | Lair:1   | Entered Level 1 of the Lair of Beasts
 12937 | Lair:1   | Noticed a six-headed hydra
 12956 | Lair:1   | Killed a six-headed hydra
 12956 | Lair:1   | Reached skill level 10 in Shields
 13393 | Lair:2   | Noticed Fannar
 13419 | Lair:1   | Killed Fannar
 13645 | Lair:2   | Reached XP level 12. HP: 74/74 MP: 24/26
 13713 | Lair:2   | Noticed an eight-headed hydra
 13731 | Lair:2   | Killed an eight-headed hydra
 13818 | Lair:2   | Noticed a four-headed hydra
 13825 | Lair:2   | Killed a four-headed hydra
 13919 | Lair:2   | Found a hole to the Spider Nest.
 14343 | Lair:2   | Noticed Gastronok
 14614 | Lair:2   | Killed Gastronok
 15183 | Lair:3   | Identified a scroll of acquirement {!r}
 15411 | Lair:3   | Found a staircase to the Swamp.
 15871 | Lair:4   | Noticed a seven-headed hydra
 15877 | Lair:4   | Killed a seven-headed hydra
 15983 | Lair:4   | Reached skill level 5 in Short Blades
 16005 | Lair:4   | Gained mutation: You are in touch with the powers of death. [Mummy growth]
 16005 | Lair:4   | Reached XP level 13. HP: 75/79 MP: 21/27
 16084 | Lair:4   | Noticed Kirke
 16102 | Lair:4   | Killed Kirke
 16331 | Lair:4   | Learned a level 1 spell: Apportation
 16333 | Lair:4   | Learned a level 1 spell: Confusing Touch
 16361 | Lair:4   | Noticed Nergalle
 16382 | Lair:4   | Killed Nergalle
 16999 | Lair:4   | Reached skill level 1 in Fighting
 17795 | Lair:5   | Reached skill level 2 in Fighting
 17880 | Lair:5   | Found a staircase to the Slime Pits.
 18187 | Lair:5   | Reached skill level 5 in Dodging
 19077 | Lair:5   | Reached skill level 3 in Fighting
 19550 | Lair:6   | Entered Level 6 of the Lair of Beasts
 20965 | Lair:6   | Reached skill level 4 in Fighting
 21223 | Lair:6   | Reached XP level 14. HP: 24/95 MP: 0/28
 22949 | Lair:4   | Learned a level 3 spell: Stone Arrow
 24794 | Orc:1    | Entered Level 1 of the Orcish Mines
 24804 | Orc:1    | Noticed Harold
 24839 | Orc:1    | Killed Harold
 25344 | Orc:1    | Noticed Josephine
 25367 | Orc:1    | Killed Josephine
 25604 | Orc:1    | Found Dinufar's Jewellery Boutique.
 25681 | Orc:1    | Found Otallor's Assorted Antiques.
 25851 | Orc:2    | Entered Level 2 of the Orcish Mines
 25859 | Orc:2    | Found a staircase to the Elven Halls.
 26237 | Orc:2    | Found a runed door.
 26238 | Orc:2    | Noticed Yngaplae's ghost (journeyman VSMo)
 26342 | Orc:2    | Noticed a stone giant
 26385 | Orc:2    | Killed a stone giant
 27640 | Orc:2    | Reached skill level 15 in Shields
 28194 | Orc:2    | Found Naulin's Antique Weapon Shoppe.
 28194 | Orc:2    | Found Tyckat's Assorted Antiques.
 28195 | Orc:2    | Found Fayggaa's Assorted Antiques.
 28195 | Orc:2    | Found Ypruxicerua's Distillery.
 28207 | Orc:2    | Bought a scroll of blinking for 217 gold pieces
 28217 | Orc:2    | Bought a scroll labeled QIZASA QETHRA for 36 gold pieces
 28217 | Orc:2    | Bought an encrusted pearl ring for 180 gold pieces
 28221 | Orc:2    | Bought a scroll of brand weapon for 720 gold pieces
 28232 | Orc:2    | Bought a scroll of enchant weapon for 217 gold pieces
 28434 | Orc:1    | Bought the ring "Iwaacos" {rN+ MR+ MP+9 Str+2 Int+5} for 977 gold pieces
 28434 | Orc:1    | Bought the ring of Ethics {rElec rC+ SInv} for 504 gold pieces
 28501 | Elf:1    | Entered Level 1 of the Elven Halls
 28792 | Orc:2    | Reached skill level 5 in Fighting
 28990 | Orc:2    | Killed Yngaplae's ghost
 28990 | Orc:2    | Reached XP level 15. HP: 88/103 MP: 7/29
 29336 | D:3      | Killed TheNamelessOne's ghost
 29761 | Orc:2    | Bought a scroll of torment for 82 gold pieces
 29761 | Orc:2    | Bought a scroll of vulnerability for 82 gold pieces
 29763 | Orc:2    | Bought a pair of embroidered boots for 285 gold pieces
 29774 | Orc:2    | Bought a pair of glowing gloves for 285 gold pieces
 29785 | Orc:2    | Bought a bloodstained leather armour for 266 gold pieces
 29795 | Orc:2    | Identified the +0 leather armour of Muyby {+Blink Int+2 Dex+3 SInv} (You bought it in a shop on level 2 of the Orcish Mines)
 29808 | Orc:2    | Bought a pair of embroidered gloves for 225 gold pieces
 29818 | Orc:2    | Bought a pair of runed boots for 225 gold pieces
 29818 | Orc:2    | Bought a glowing cloak for 225 gold pieces
 29849 | Orc:2    | Bought a wizard robe for 171 gold pieces
 29859 | Orc:2    | Identified the cursed +1 robe of Quantum Leap {*Slow +Inv MR+} (You bought it in a shop on level 2 of the Orcish Mines)
 29964 | D:9      | Fell from the grace of Gozag
 29964 | D:9      | Became a worshipper of Ashenzari the Shackled
 30235 | D:3      | Fell from the grace of Ashenzari
 30235 | D:3      | Became a worshipper of Gozag Ym Sagoz the Greedy
 30474 | D:9      | Fell from the grace of Gozag
 30474 | D:9      | Became a worshipper of Ashenzari the Shackled
 31159 | Elf:1    | Reached skill level 6 in Fighting
 31456 | Elf:1    | Noticed a Hell Sentinel
 31696 | Elf:1    | Got the cursed dagger "Jouryuda" {antimagic, rF+ Dex+4}
 32206 | Elf:1    | Reached skill level 7 in Fighting
 32206 | Elf:1    | Reached skill level 5 in Stealth
 32759 | Elf:3    | Entered Level 3 of the Elven Halls
 32980 | Elf:2    | Found a runed gate.
 32980 | Elf:2    | Found a runed gate.
 32980 | Elf:2    | Found a runed gate.
 33009 | Elf:1    | HP: 3/108 [long sword of holy wrath (7)]
 33946 | Elf:1    | HP: 4/110 [dire flail of crushing (3)]
 34340 | Elf:2    | Reached skill level 8 in Fighting
 36135 | Elf:2    | Reached XP level 16. HP: 118/118 MP: 28/30
 36757 | Elf:2    | Reached skill level 9 in Fighting
 36821 | Elf:2    | Reached * piety under Ashenzari
 36995 | Elf:2    | Learned a level 4 spell: Passage of Golubria
 37002 | Elf:2    | Learned a level 6 spell: Deflect Missiles
 37638 | Elf:1    | Reached skill level 10 in Dodging
 38338 | Elf:3    | Learned a level 3 spell: Spectral Weapon
 38489 | Elf:3    | Reached skill level 1 in Charms
 38489 | Elf:3    | Reached skill level 1 in Air Magic
 38591 | Elf:3    | Found Quto's Jewellery Boutique.
 38593 | Elf:3    | Found Erisad's Book Shop.
 38593 | Elf:3    | Found Puuddaw's Magic Scroll Boutique.
 38596 | Elf:3    | Found Qagg's Book Shop.
 38624 | Elf:3    | Reached skill level 10 in Fighting
 38660 | Elf:3    | Reached ** piety under Ashenzari
 38908 | Elf:3    | Noticed a deep elf blademaster
 38908 | Elf:3    | Noticed a deep elf blademaster
 39080 | Elf:3    | Killed a deep elf blademaster
 39124 | Elf:2    | Killed a deep elf blademaster
 39615 | Spider:1 | Entered Level 1 of the Spider Nest
 40644 | Spider:2 | Noticed Jorgrun
 40677 | Spider:2 | Was forgiven by Gozag
 40823 | Spider:1 | Killed Jorgrun
 41082 | Spider:2 | Reached skill level 11 in Fighting
 41091 | Spider:2 | Reached XP level 17. HP: 57/131 MP: 9/31
 41100 | Spider:2 | Noticed Louise
 41509 | Spider:2 | Killed Louise
 42360 | Spider:3 | Found a frozen archway.
 42365 | IceCv    | Entered an ice cave
 42850 | IceCv    | Noticed an Ice Fiend
 42856 | IceCv    | Noticed an Ice Fiend
 42880 | IceCv    | Killed an Ice Fiend
 42888 | IceCv    | Killed an Ice Fiend
 42888 | IceCv    | Reached skill level 12 in Fighting
 42905 | IceCv    | Got the uncursed ring mail of the Arcane {rF- Str+7 Int+9 Dex-5}
 43118 | Spider:3 | Identified the +0 ring mail of the Arcane {rF- Str+7 Int+9 Dex-5} (You found it in an ice cave)
 43402 | Spider:3 | Reached *** piety under Ashenzari
 44216 | Spider:4 | Entered Level 4 of the Spider Nest
 44314 | Spider:4 | Reached skill level 1 in Transmutations
 45244 | Spider:4 | Reached skill level 13 in Fighting
 45737 | Spider:4 | Reached XP level 18. HP: 70/143 MP: 25/32
 46207 | Spider:4 | Noticed Arachne
 46221 | Spider:4 | Killed Arachne
 46462 | Spider:4 | Got a gossamer rune of Zot
 46805 | Swamp:1  | Entered Level 1 of the Swamp
 46808 | Swamp:1  | Reached **** piety under Ashenzari
 47155 | Swamp:1  | Reached skill level 14 in Fighting
 47593 | Swamp:2  | Noticed Frances
 47602 | Swamp:2  | Killed Frances
 49494 | Swamp:4  | Entered Level 4 of the Swamp
 49642 | Swamp:4  | Reached ***** piety under Ashenzari
 49720 | Swamp:4  | Reached skill level 15 in Fighting
 50317 | Swamp:4  | Noticed a bone dragon
 50568 | Swamp:4  | Reached XP level 19. HP: 131/155 MP: 33/33
 50723 | Swamp:4  | Got a decaying rune of Zot
 50781 | Swamp:4  | Killed a bone dragon
 51314 | Elf:3    | Noticed a Tzitzimitl
 51449 | Elf:3    | Identified the amulet of Talutoly {Faith rElec Dex+4} (You took it off a deep elf death mage on level 3 of the Elven Halls)
 51508 | Elf:3    | Got the cursed steam dragon scales "Libim" {rF+ Slay+6}
 51645 | Elf:3    | Noticed a Brimstone Fiend
 51876 | Elf:2    | Reached skill level 16 in Fighting
 51899 | Elf:3    | Identified the cursed +1 steam dragon scales "Libim" {rF+ Slay+6} (You took it off a deep elf high priest on level 3 of the Elven Halls)
 51902 | Elf:3    | Got the cursed robe of Wapn {rF++}
 51979 | Elf:3    | Identified the ring of the Priest {*Slow rF++ Dex+5 Slay+3} (You took it off a deep elf knight on level 3 of the Elven Halls)
 52033 | Elf:3    | Identified the Grimoire of Calling and Snow
 52036 | Elf:3    | Identified the Almanac of Proximity
 52050 | Elf:3    | Learned a level 5 spell: Borgnjor's Vile Clutch
 52060 | Elf:3    | Identified the cursed +1 robe of Wapn {rF++} (You took it off a deep elf mage on level 3 of the Elven Halls)
 52526 | D:12     | Noticed Maurice
 52531 | D:12     | Killed Maurice
 53196 | D:13     | Reached skill level 1 in Armour
 53854 | D:14     | Found a gate to the Vaults.
 54148 | D:14     | Got the cursed executioner's axe of Optimality {antimagic, *Slow rF- Int+8 Stlth+}
 54191 | D:14     | Reached skill level 5 in Armour
 54438 | D:14     | Reached ****** piety under Ashenzari
 54604 | D:15     | Entered Level 15 of the Dungeon
 54711 | D:15     | Identified the +0 ring mail "Ythroruu" {Int+4}
 55308 | D:15     | Found a staircase to the Depths.
 55362 | Depths:1 | Entered Level 1 of the Depths
 55953 | Depths:1 | Found Juesch's One-of-a-Kind Books.
 55969 | Depths:1 | Found a gateway to a ziggurat.
 56070 | Depths:1 | Found a gateway to Hell.
 56170 | Depths:1 | Reached XP level 20. HP: 122/165 MP: 16/34
 56296 | Depths:1 | Reached skill level 10 in Stealth
 57027 | Zig:1    | Entered Level 1 of a ziggurat
 57049 | Zig:2    | Entered Level 2 of a ziggurat
 57063 | Zig:3    | Entered Level 3 of a ziggurat
 57071 | Zig:3    | Reached skill level 1 in Conjurations
 57089 | Zig:4    | Entered Level 4 of a ziggurat
 57195 | Zig:4    | Got the cursed great mace "Disonk" {freeze, rPois MR- Int+3}
 57213 | Zig:5    | Entered Level 5 of a ziggurat
 57365 | Zig:5    | Got the cursed long sword of Linearity {freeze, rF+ rC+}
 57660 | Zig:6    | Entered Level 6 of a ziggurat
 57701 | Zig:6    | Reached skill level 1 in Evocations
 57806 | Zig:7    | Entered Level 7 of a ziggurat
 57880 | Zig:7    | Got the cursed hand crossbow of Xoiri {venom, Str+2 Dex+2}
 57902 | Zig:8    | Entered Level 8 of a ziggurat
 58281 | Zig:8    | Identified the +1 leather armour "Maelouhirph" {SInv}
 58282 | Zig:8    | Found the +11 plutonium sword {*Contam Stlth-}
 58299 | Zig:8    | Identified the Catalogue of Clay
 58319 | Zig:9    | Entered Level 9 of a ziggurat
 58881 | Depths:2 | Noticed the Enchantress
 58905 | Depths:1 | Killed the Enchantress
 58905 | Depths:1 | Identified the +2 faerie dragon scales {+Blink rN+ rCorr Dex+3} (You took it off the Enchantress on level 1 of the Depths)
 59234 | Depths:2 | Reached skill level 5 in Evocations
 59315 | Depths:2 | Found a shattered altar of Ashenzari.
 59319 | Depths:2 | HP: 8/165 [hell knight/demon blade of slicing (6)]
 59320 | Depths:2 | Hit by a large rock thrown by a stone giant

Vault maps used:
D:1:      minmay_arrival_jagged
D:2:      chequers_ecumenical_altar_simple
D:3:      grunt_temple_overflow_opulence, portal_sewer_entry_b, minmay_unequal,
          uniq_robin
D:4:      kennysheep_mini_moat, ebering_ghost_rock_garden, first_ration
D:5:      minmay_diamond_boxcup, overflow_temple_1_default,
          minmay_temple_entry_hall, nicolae_tso_besieged_by_evil, uniq_ijyb,
          uniq_eustachio, uniq_grinder
D:6:      overflow_temple_1_default, nrook_mini_backslash, uniq_prince_ribbit1,
          uniq_edmund
D:7:      kennysheep_steamy, the_bakery
D:8:      nicolae_overflow_crystal_walls, uniq_joseph
D:9:      chequers_temple_overflow_minitemple, grunt_temple_overflow_open,
          enter_bailey_3
D:10:     lair_entry_dummy, minmay_misc_feat_tiny
D:11:     orc_0_dummy, serial_shops, nicolae_shop_trees, basic_altar
D:12:     uniq_maurice
D:14:     erik_vaults_2, nrook_pool_corridor,
          minmay_guarded_unrand_wrath_of_trog
D:15:     grunt_enter_depths_magical_seal, corexii_hall_statues_l
Temple:   pf_slime_end_temple
Lair:1:   grunt_megastairs_2
Lair:2:   nicolae_spider_entry_orb_guardian, lemuel_fruit_tree, uniq_gastronok,
          uniq_fannar
Lair:3:   swamp_mist_pool, grunt_megastairs_1
Lair:4:   forest_entry_grove, uniq_kirke, uniq_nergalle
Lair:5:   slime_dummy, st_stairs_11, minivault_25, minivault_26,
          minmay_stone_trees_medium, nicolae_quartered_pool_medium
Lair:6:   grunt_lair_end_beastmaster, kennysheep_abandoned_house
Swamp:1:  nicolae_swamp_rocky_clearing, infiniplex_staircase_pool
Swamp:2:  infiniplex_staircase_pool_2, uniq_frances
Swamp:3:  evilmike_swamp_ruin_house_5
Swamp:4:  swamp_pestilence
Spider:2: hangedman_spider_trapstep, uniq_jorgrun, uniq_louise
Spider:3: portal_ice_cave_entry_ice_statue_one
Spider:4: johnstein_spider_rune_arachne_lair
Orc:1:    serial_shops, shop, nicolae_shop_window_shopping, uniq_harold,
          uniq_josephine
Orc:2:    st_orc_elflike, gammafunk_ghost_grave
Elf:1:    elf_arrival_002, hangedman_elf_represent
Elf:2:    portal_desolation_entry_nicolae_nacl, lemuel_elevator
Elf:3:    elf_hall, minmay_shoptagon
Depths:1: enter_ziggurat_e, hangedman_coc_ice_floe, abandoned_shop,
          nicolae_benzene_ring, grunt_decor_one_mirror, minmay_holes,
          spider_trap, nicolae_rare_books, serial_bayou_shore_b,
          uniq_enchantress
Depths:2: four-leaf_vault, serial_shops, bzr_entry_islet, lightli_too_deep,
          ashenzari_altar_1, infiniplex_staircase_split_hallway
Zig:7:    ziggurat_pillar_centre_smoke
Zig:8:    ziggurat_pillar_centre_c
Bailey:   bailey_axe_3, bailey
IceCv:    ice_cave_small_demon

Skill      XL: |  1  2  3  4  5  6  7  8  9 10 11 12 13 14 15 16 17 18 19 20 |
---------------+-------------------------------------------------------------+-----
Spellcasting   | 3 4 5 6 8 10 | 10.0
Earth Magic    | 3 4 5 6 8 10 | 10.0
Stealth        | 2 6 8 9 10 | 10.7
Short Blades   | 2 5 6 8 |  8.0
Shields        | 1 6 10 12 13 15 | 15.8
Dodging        | 4 6 7 9 10 12 14 | 14.8
Fighting       | 4 5 8 11 13 15 16 | 16.2
Charms         | 3 |  3.9
Air Magic      | 3 |  3.9
Transmutations | 3 |  3.1
Armour         | 5 |  5.5
Conjurations   | 3 |  3.1
Evocations     | 5 |  5.1
Translocations | |  0.5

Action                   |  1- 3 |  4- 6 |  7- 9 | 10-12 | 13-15 | 16-18 | 19-21 || total
-------------------------+-------+-------+-------+-------+-------+-------+-------++-------
Melee: Unarmed           |    25 |       |       |       |    19 |       |       ||    44
       Whip              |     3 |       |       |       |       |       |       ||     3
       Short sword       |    26 |   248 |     9 |       |       |       |       ||   283
       Dagger            |       |    16 |   281 |   362 |   487 |     8 |       ||  1154
       Quick blade       |       |       |       |       |   351 |  2305 |  1420 ||  4076
 Fire: Blowgun           |       |       |       |     4 |       |       |       ||     4
Throw: Stone             |       |       |       |       |     2 |       |       ||     2
 Cast: Sandblast         |    16 |    61 |    46 |   150 |   160 |       |       ||   433
       Passwall          |       |     2 |     9 |     5 |     7 |    11 |     4 ||    38
       Petrify           |       |       |    15 |    95 |   147 |    49 |       ||   306
       Lee's Rapid Decon |       |       |     3 |    59 |   151 |    55 |    36 ||   304
       Stone Arrow       |       |       |       |       |   190 |    95 |     7 ||   292
       Confusing Touch   |       |       |       |       |     6 |       |       ||     6
       Apportation       |       |       |       |       |     4 |       |       ||     4
       Spectral Weapon   |       |       |       |       |       |    52 |    20 ||    72
       Deflect Missiles  |       |       |       |       |       |     1 |     4 ||     5
       Borgnjor's Vile C |       |       |       |       |       |       |     8 ||     8
Invok: Potion Petition   |       |       |       |     1 |       |       |       ||     1
       Call Merchant     |       |       |       |       |     5 |       |       ||     5
       Curse Item        |       |       |       |       |     4 |     3 |     2 ||     9
 Abil: Stop Flying       |       |       |       |       |       |       |     1 ||     1
Evoke: Wand              |       |       |       |     2 |     8 |     1 |     7 ||    18
  Use: Scroll            |       |       |     8 |     6 |    29 |     1 |     7 ||    51
 Stab: Sleeping          |     5 |    15 |    12 |     6 |     5 |    27 |    29 ||    99
       Distracted        |       |     1 |       |       |     1 |    15 |     8 ||    25
       Petrified         |       |       |    30 |   139 |   109 |    19 |       ||   297
       Petrifying        |       |       |       |     8 |    33 |    18 |       ||    59
       Confused          |       |       |       |       |     1 |     2 |       ||     3
Armor: Robe              |     6 |    74 |    72 |       |   155 |   235 |    29 ||   571
       Leather armour    |       |       |     2 |    84 |     9 |       |       ||    95
       Steam dragon scal |       |       |       |       |       |       |   118 ||   118
Dodge: Dodged            |    40 |   192 |   136 |   211 |   434 |   611 |   525 ||  2149
       Deflected         |       |       |       |       |       |     3 |    19 ||    22
Block: Other             |     2 |    32 |    31 |    23 |       |       |       ||    88
       Reflection        |       |       |       |     6 |       |       |       ||     6
       Shield            |       |       |       |    77 |   523 |   750 |   395 ||  1745
       Large shield      |       |       |       |       |       |       |   233 ||   233

Table legend:
 A = Spawn XP
 B = Non-spawn XP
 C = Spawn XP percentage of total XP
 D = Spawn monster count
 E = Non-spawn monster count
 F = Spawn count percentage of total count
 G = Total turns spent on level
                    A         B        C        D         E        F      G
               +---------+---------+-------+---------+---------+-------+---------
         Total |       0 |  558852 |   0.0 |       0 |    1450 |   0.0 | 59320
               +---------+---------+-------+---------+---------+-------+---------
           D:1 |       0 |      61 |   0.0 |       0 |      23 |   0.0 |   852
           D:2 |       0 |     120 |   0.0 |       0 |      19 |   0.0 |   953
           D:3 |       0 |     568 |   0.0 |       0 |      45 |   0.0 |  1159
           D:4 |       0 |     521 |   0.0 |       0 |      27 |   0.0 |  1391
           D:5 |       0 |    1295 |   0.0 |       0 |      27 |   0.0 |  1034
           D:6 |       0 |     762 |   0.0 |       0 |      12 |   0.0 |   942
           D:7 |       0 |    1580 |   0.0 |       0 |      20 |   0.0 |   951
           D:8 |       0 |    1208 |   0.0 |       0 |      14 |   0.0 |   993
           D:9 |       0 |    1752 |   0.0 |       0 |      39 |   0.0 |  1342
          D:10 |       0 |    4358 |   0.0 |       0 |      39 |   0.0 |  1853
          D:11 |       0 |    3637 |   0.0 |       0 |      21 |   0.0 |  1339
          D:12 |       0 |    4436 |   0.0 |       0 |      30 |   0.0 |   629
          D:13 |       0 |    7353 |   0.0 |       0 |      31 |   0.0 |   697
          D:14 |       0 |   17178 |   0.0 |       0 |      40 |   0.0 |   781
          D:15 |       0 |    5395 |   0.0 |       0 |      13 |   0.0 |  1105
        Lair:1 |       0 |    5224 |   0.0 |       0 |      15 |   0.0 |  1297
        Lair:2 |       0 |    8855 |   0.0 |       0 |      25 |   0.0 |  1360
        Lair:3 |       0 |    3374 |   0.0 |       0 |      21 |   0.0 |   761
        Lair:4 |       0 |   13219 |   0.0 |       0 |      44 |   0.0 |  2118
        Lair:5 |       0 |   13147 |   0.0 |       0 |      41 |   0.0 |  3665
        Lair:6 |       0 |   19914 |   0.0 |       0 |      59 |   0.0 |  3203
       Swamp:1 |       0 |    5204 |   0.0 |       0 |      18 |   0.0 |   677
       Swamp:2 |       0 |   12913 |   0.0 |       0 |      23 |   0.0 |   969
       Swamp:3 |       0 |   26100 |   0.0 |       0 |      55 |   0.0 |  1131
       Swamp:4 |       0 |   31617 |   0.0 |       0 |      80 |   0.0 |  1564
      Spider:1 |       0 |   13019 |   0.0 |       0 |      38 |   0.0 |  1572
      Spider:2 |       0 |   18484 |   0.0 |       0 |      49 |   0.0 |  1091
      Spider:3 |       0 |   19642 |   0.0 |       0 |      45 |   0.0 |  1297
      Spider:4 |       0 |   51541 |   0.0 |       0 |      88 |   0.0 |  2461
         Orc:1 |       0 |    6878 |   0.0 |       0 |      26 |   0.0 |  1505
         Orc:2 |       0 |   17591 |   0.0 |       0 |      64 |   0.0 |  3502
         Elf:1 |       0 |   35154 |   0.0 |       0 |      56 |   0.0 |  5964
         Elf:2 |       0 |   44128 |   0.0 |       0 |      63 |   0.0 |  2510
         Elf:3 |       0 |   46088 |   0.0 |       0 |      44 |   0.0 |  1714
      Depths:1 |       0 |   39122 |   0.0 |       0 |      53 |   0.0 |  1886
      Depths:2 |       0 |   15548 |   0.0 |       0 |      20 |   0.0 |   239
         Zig:1 |       0 |    2018 |   0.0 |       0 |       2 |   0.0 |    22
         Zig:2 |       0 |    2340 |   0.0 |       0 |       2 |   0.0 |    14
         Zig:3 |       0 |    4833 |   0.0 |       0 |       3 |   0.0 |    26
         Zig:4 |       0 |    5792 |   0.0 |       0 |       5 |   0.0 |   124
         Zig:5 |       0 |    7294 |   0.0 |       0 |      15 |   0.0 |   447
         Zig:6 |       0 |    3215 |   0.0 |       0 |      10 |   0.0 |   146
         Zig:7 |       0 |    9160 |   0.0 |       0 |      11 |   0.0 |    96
         Zig:8 |       0 |   12018 |   0.0 |       0 |      23 |   0.0 |   417
         Zig:9 |       0 |    3311 |   0.0 |       0 |       7 |   0.0 |   194
        Bailey |       0 |     420 |   0.0 |       0 |      16 |   0.0 |   487
         IceCv |       0 |   11465 |   0.0 |       0 |      29 |   0.0 |   709
               +---------+---------+-------+---------+---------+-------+---------
